 Dungeon Crawl Stone Soup version 0.29-a0-1033-gb6c65ffae6 (webtiles) character file.

Game seed: 12512388110121557964

1099 funkygono the Magician (level 8, -2/45 HPs)
             Began as a Deep Elf Air Elementalist on Aug 14, 2022.
             Slain by Prince Ribbit (10 damage)
             ... on level 5 of the Dungeon.
             The game lasted 00:07:03 (4371 turns).

funkygono the Magician (Deep Elf Air Elementalist)  Turns: 4371, Time: 00:07:03

Health: -2/45      AC:  3    Str:  5    XL:     8   Next: 10%
Magic:  7/21       EV: 12    Int: 23    God:
Gold:   240        SH:  0    Dex: 15    Spells: 12/22 levels left

rFire   . . .      SeeInvis .   e - +1 dagger
rCold   + . .      Faith    .   (no shield)
rNeg    . . .      Spirit   .   p - +0 robe {rC+}
rPois   +          Reflect  .   (no helmet)
rElec   .          Harm     .   (no cloak)
rCorr   .          Rampage  .   (no gloves)
Will    .....                   h - +0 pair of boots
Stlth   ++........              (no amulet)
HPRegen 0.15/turn               l - ring of wizardry
MPRegen 0.17/turn               n - ring of poison resistance

@: no status effects
A: no striking features
a: no special abilities


You were on level 5 of the Dungeon.
You visited 1 branch of the dungeon, and saw 5 of its levels.

You collected 240 gold pieces.

Inventory:

Hand Weapons
 e - a +1 dagger (weapon)
 q - a +2 whip of flaming
Armour
 a - a +0 robe
 h - a +0 pair of boots (worn)
 p - a +0 robe of cold resistance (worn)
Jewellery
 l - a ring of wizardry (left hand)
 n - a ring of poison resistance (right hand)
Wands
 i - a wand of iceblast (10)
Potions
 b - a potion of magic
 c - a potion of resistance {unknown}
 d - 2 potions of attraction {unknown}
 f - a potion of berserk rage {unknown}
 g - 6 potions of curing
 j - 2 potions of heal wounds {unknown}
 k - 3 potions of mutation {unknown}
 m - a potion of flight {unknown}
 o - a potion of haste {unknown}
 s - a potion of ambrosia {unknown}
 t - a potion of might {unknown}


   Skills:
 * Level 2.4 Fighting
 + Level 0.2 Short Blades
 + Level 2.5 Dodging
 - Level 2.4 Stealth
 * Level 7.9 Spellcasting
 * Level 5.3 Conjurations
 * Level 5.6 Air Magic


You had 12 spell levels left.
You knew the following spells:

 Your Spells              Type           Power      Damage    Failure   Level
a - Shock                 Conj/Air       100%       1d9       1%          1
b - Static Discharge      Conj/Air       34%        3-8/arc   1%          2
c - Swiftness             Air            35%        N/A       1%          3
d - Airstrike             Air            17%        2d(3-19)  2%          4

Your spell library contained the following spells:

 Spells                   Type           Power      Damage    Failure   Level
 Poisonous Vapours        Pois/Air       44%        N/A       1%          2
 Apportation              Tloc           18%        N/A       2%          1
 Corpse Rot               Necr/Pois/Air  17%        N/A       13%         4
 Alistair's Intoxication  Tmut/Pois      6%         N/A       58%         5


Dungeon Overview and Level Annotations

Branches:
Dungeon (5/15)
 Temple: D:4-7

Altars:

Shops:
D:2 ?   D:3 !

Annotations:
D:5 Prince Ribbit


Message History

Unknown command.
Casting: Static Discharge (safe; 1% risk of failure)
Confirm with . or Enter, or press ? or * to list all spells.
The hound is struck by an arc of lightning.
You kill the hound!
You are struck by an arc of lightning.
The lightning grounds out.
Prince Ribbit barely misses you.
Unknown command.
Casting: Static Discharge (safe; 1% risk of failure)
Confirm with . or Enter, or press ? or * to list all spells.
Prince Ribbit is struck by an arc of lightning.
Prince Ribbit is moderately wounded.
You are struck by an arc of lightning.
Prince Ribbit is struck by an arc of lightning.
Prince Ribbit is moderately wounded.
The lightning grounds out.
Prince Ribbit hits you.
Casting: Static Discharge (safe; 1% risk of failure)
Confirm with . or Enter, or press ? or * to list all spells.
Prince Ribbit is struck by an arc of lightning.
Prince Ribbit is heavily wounded.
You are struck by an arc of lightning.
Prince Ribbit is struck by an arc of lightning.
Prince Ribbit is heavily wounded.
You are struck by an arc of lightning.
The lightning grounds out.
Prince Ribbit hits you.
* * * LOW HITPOINT WARNING * * *
Casting: Static Discharge (safe; 1% risk of failure)
Confirm with . or Enter, or press ? or * to list all spells.
Prince Ribbit is struck by an arc of lightning!
Prince Ribbit is severely wounded.
You are struck by an arc of lightning.
* * * LOW HITPOINT WARNING * * *
Prince Ribbit is struck by an arc of lightning.
Prince Ribbit is almost dead.
You are struck by an arc of lightning.
* * * LOW HITPOINT WARNING * * *
The lightning grounds out.
Prince Ribbit hits you but does no damage.
Prince Ribbit hits you!
You die...

.K #..###..........#
#..
#..#.[..........##
#.l
#......#.........#
#..
##....#####.......#
#..###..####
##.....##
#...#...#### #######
#.........#####
.....#..........####
....#######...<.@..#
.... ######.F....#
... ###....... ...
.....## .. .....# ..
......# ......#
......#


You could see Prince Ribbit.

Vanquished Creatures
  Pikel (D:4)
  Sigmund (D:2)
  Menkaure (D:4)
  An ogre (D:4)
  2 lemures (D:4)
  A scorpion (D:4)
  2 hounds
  Jessica (D:3)
  An orc wizard (D:2)
  3 adders
  An ufetubus (D:4)
  7 orcs
  9 endoplasms
  3 giant cockroaches
  11 goblins
  8 hobgoblins
  7 jackals (D:2)
  6 kobolds
  A quokka (D:1)
  A ball python (D:1)
  3 bats
  6 frilled lizards
  6 rats
83 creatures vanquished.

Vanquished Creatures (others)
  A plant (D:5)
1 creature vanquished.

Grand Total: 84 creatures vanquished

Notes
Turn   | Place    | Note
-------+----------+-------------------------------------------
     0 | D:1      | funkygono the Deep Elf Air Elementalist began the quest for
                  | the Orb.
     0 | D:1      | Reached XP level 1. HP: 10/10 MP: 6/6
   298 | D:1      | Reached XP level 2. HP: 15/15 MP: 5/8
   353 | D:1      | Learned a level 2 spell: Static Discharge
  1142 | D:2      | Reached XP level 3. HP: 20/20 MP: 7/10
  1146 | D:2      | Learned a level 3 spell: Swiftness
  1174 | D:2      | Noticed Sigmund
  1184 | D:2      | Killed Sigmund
  1185 | D:2      | Reached skill level 1 in Fighting
  1185 | D:2      | Reached skill level 5 in Spellcasting
  1185 | D:2      | Reached XP level 4. HP: 25/25 MP: 5/13
  1185 | D:2      | Reached XP level 5. HP: 29/29 MP: 5/14
  1547 | D:2      | Learned a level 4 spell: Airstrike
  1837 | D:2      | Found Hexivopera's Magic Scroll Shop.
  2291 | D:3      | Found Fugaal's Distillery.
  2530 | D:3      | Reached XP level 6. HP: 29/34 MP: 13/16
  2681 | D:3      | Noticed Jessica
  2683 | D:3      | Killed Jessica
  3163 | D:4      | Reached skill level 6 in Spellcasting
  3580 | D:4      | Noticed Menkaure
  3586 | D:4      | Killed Menkaure
  3587 | D:4      | Reached XP level 7. HP: 39/39 MP: 11/18
  3987 | D:5      | Entered Level 5 of the Dungeon
  4041 | D:5      | Noticed Pikel
  4103 | D:4      | Killed Pikel
  4104 | D:4      | Reached skill level 7 in Spellcasting
  4104 | D:4      | Reached skill level 5 in Conjurations
  4104 | D:4      | Reached skill level 5 in Air Magic
  4104 | D:4      | Reached XP level 8. HP: 7/45 MP: 9/21
  4360 | D:5      | Noticed Prince Ribbit
  4371 | D:5      | Slain by Prince Ribbit

Illustrated notes

Levels and vault maps discovered:
D:1:      eino_arrival_water_cross, layout_basic, chequers_garden,
          minmay_tetromino_o4
D:2:      layout_basic, serial_shops, shop_scrolls, uniq_sigmund
D:3:      layout_basic, serial_shops, nicolae_shop_crystal,
          guppyfry_early_orc_mine, uniq_jessica
D:4:      layout_gridville, uniq_menkaure
D:5:      layout_cave_pods, nicolae_grassy_gnolls, uniq_duvessa,
          uniq_prince_ribbit1, uniq_ijyb, uniq_pikel

Skill      XL: |  1  2  3  4  5  6  7 |
---------------+----------------------+-----
Fighting       | 1 2 |  2.4
Spellcasting   | 5 6 7 |  7.9
Conjurations   | 2 3 4 5 |  5.3
Air Magic      | 4 5 |  5.6
Short Blades   | |  0.2
Dodging        | |  2.5
Stealth        | |  2.4

Action                   |  1- 3 |  4- 6 |  7- 9 || total
-------------------------+-------+-------+-------++-------
Melee: Dagger            |     4 |     4 |     1 ||     9
 Cast: Shock             |    54 |    92 |    12 ||   158
       Static Discharge  |       |     5 |    13 ||    18
  Use: Scroll            |     1 |     4 |     4 ||     9
Armor: Robe              |     3 |     1 |     3 ||     7
Dodge: Dodged            |     9 |     4 |    10 ||    23

Table legend: (Time is in decaauts)
 A = Elapsed time spent in this place.
 B = Non-inter-level travel time spent in this place.
 C = Inter-level travel time spent in this place.
 D = Time resting spent in this place.
 E = Time spent auto-exploring this place.
 F = Levels seen in this place.
 G = Mean time per level.
                   A        B        C        D        E       F      G
               +--------+--------+--------+--------+--------+-----+--------+
         Total |   4370 |   4264 |    106 |    455 |   3315 |   5 |  874.0 |
       Dungeon |   4370 |   4264 |    106 |    455 |   3315 |   5 |  874.0 |
               +--------+--------+--------+--------+--------+-----+--------+

Top non-repeatable levels by time:
     D:4: 1255 daAuts
     D:2: 1105 daAuts
     D:1: 988 daAuts
     D:3: 937 daAuts
     D:5: 83 daAuts
